AoeStats
← HannibalLector

MegaRandom

505461089Analyzed
2v2 RM · 24d ago on Sep 9, 2026· 61m 11s· 4 players
Game mode
Random Map
Map size
Medium (4 player)
Population
200
Speed
Normal
Resources
Standard
Victory
Conquest
Starting age
Dark Age
Ending age
Imperial Age
RankedLock teamsTeams togetherTeam positionsShared explorationLock speedFull tech treeHidden civsTurbo modeCheats
Victory
Defeat
🇨🇳 Franks · China
523
+20
🇦🇺 Romans · Australia
259
+28
🇩🇪 Vietnamese · Germany
688
-27
🇮🇩 Maya · Indonesia
502
-21
NATO♥ ҉
0:39 Loom
15:32 Feudal Age
16:51 Wheelbarrow
16:03 Town Watch
17:53 Horse Collar
22:16 Double-Bit Axe
25:24 Castle Age
29:32 Hand Cart
29:18 Town Patrol
29:37 Bow Saw
29:32 Scale Mail Armor
29:37 Scale Barding Armor
29:33 Padded Archer Armor
29:24 Fletching
29:45 Forging
29:44 Caravan
42:59 Pikeman
43:40 Squires
55:52 Imperial Age
科学家王乐乐
9:25 Feudal Age
11:16 Double-Bit Axe
18:52 Castle Age
20:27 Bow Saw
25:45 Pikeman
31:24 Imperial Age
29:33 Wheelbarrow
28:43 Loom
29:06 Stone Mining
29:11 Gold Mining
30:03 Murder Holes
30:18 Fortified Wall
30:29 Ballistics
30:20 Masonry
30:52 Hand Cart
31:22 Squires
31:08 Gambesons
31:08 Arson
32:02 #83
32:17 Padded Archer Armor
32:07 Fletching
32:18 Scale Mail Armor
32:28 Forging
35:17 Leather Archer Armor
34:57 Bodkin Arrow
36:31 Chain Mail Armor
36:51 Iron Casting
36:22 Scale Barding Armor
37:06 Onager
37:07 Heavy Scorpion
37:07 Capped Ram
37:37 Elite Skirmisher
38:19 Chivalry
38:39 Conscription
38:43 Caravan
40:29 Gold Shaft Mining
39:57 Heavy Scorpion
43:20 Ballistics
42:45 Arrowslits
43:31 Architecture
43:06 Siege Engineers
44:34 Chain Barding Armor
44:44 Plate Mail Armor
45:14 Blast Furnace
44:10 Elite Throwing Axeman
45:25 Hoardings
47:11 Plate Barding Armor
48:38 Devotion
48:58 Sanctity
48:33 Herbal Medicine
48:49 Halberdier
GibranRakatiwing
4:08 Loom
8:47 Feudal Age
9:12 Horse Collar
9:37 Gold Mining
9:34 Double-Bit Axe
12:38 Stone Mining
22:43 Castle Age
22:20 Fletching
22:31 Padded Archer Armor
22:48 Crossbowman
23:37 Heavy Plow
24:40 Bodkin Arrow
28:46 Ballistics
34:42 Imperial Age
35:44 Elite Plumed Archer
37:47 Wheelbarrow
38:28 Chemistry
38:17 Bow Saw
39:38 Bracer
39:54 Leather Archer Armor
41:48 Ring Archer Armor
48:22 Stone Shaft Mining
HannibalLector
12:28 Feudal Age
12:00 Loom
21:08 Castle Age
21:17 Castle Age
20:51 Stone Mining
20:56 Gold Mining
20:59 Double-Bit Axe
23:36 Bow Saw
24:59 Wheelbarrow
24:11 Town Watch
27:04 Hand Cart
26:50 Town Patrol
30:09 Caravan
33:59 Stone Shaft Mining
36:21 Imperial Age
39:21 Elite Rattan Archer
40:44 Paper Money
40:42 Crossbowman
41:29 Thumb Ring
42:06 Elite Skirmisher
42:48 Fletching
42:59 Padded Archer Armor
43:23 Ballistics
44:04 Chemistry
45:54 Imperial Skirmisher
46:08 Imperial Skirmisher
Connection lost

Rejoining the realm…

Still unreachable

The connection could not be restored.

Session expired

The server has moved on; the page needs a fresh start.